Map: Eternal Empire LE

Players

TIME (Oliveira)

  • Race: Terran Terran
  • League: Grandmaster
  • Spawn Location: 1:00

SpeCial - Winner!

  • Race: Terran Terran
  • League: Master
  • Spawn Location: 7:00

Event: Shopify TSL 5

VOD

Have the link to the VOD?

Description

Time

  • Played on: May 16, 2020, 11:16 a.m.
  • Length: 14:19

All games in this series

Show
View Real Time Build Order
Export as new Build Order

TIME Terran 

Build Orders:  

Get SALT Encoding   

  12  0:01  SCV  
  13  0:13  SCV  
  14  0:17  Supply Depot  
  14  0:25  SCV  
  15  0:39  SCV  
  15  0:40  Barracks  
  16  0:46  Refinery  
  16  0:51  SCV  
  17  1:00  Barracks  
  18  1:04  SCV  
  18  1:16  SCV  
  19  1:28  Reaper  
  19  1:29  Orbital Command  
  20  1:34  Supply Depot  
  20  1:50  Reaper  
  21  1:55  SCV  
  22  2:05  Reaper  
  22  2:08  SCV  
  24  2:15  Command Center  
  24  2:21  SCV  
  24  2:22  Marine  
  26  2:26  Refinery  
  26  2:33  SCV  
  27  2:46  SCV, Marine  
  29  2:54  Factory  
  29  2:58  SCV  
  30  3:05  Supply Depot  
  29  3:09  Barracks Tech Lab  
  29  3:10  SCV  
  30  3:18  Barracks Reactor  
  30  3:22  SCV  
  29  3:28  Orbital Command  
  29  3:35  SCV  
  29  3:37  Refinery  
  29  3:39  Starport  
  30  3:43  Cyclone  
  30  3:48  SCV  
  34  3:54  SCV  
  34  3:55  Marine x2  
  37  4:03  Command Center  
  37  4:04  SCV  
  37  4:06  SCV  
  39  4:15  Marine x2  
  39  4:16  SCV  
  42  4:18  SCV  
  42  4:22  Raven  
  42  4:23  Factory Tech Lab  
  45  4:24  Barracks Tech Lab  
  45  4:28  SCV  
  45  4:30  SCV  
  47  4:32  Supply Depot  
  47  4:38  Marine  
  47  4:39  Marine  
  47  4:40  SCV  
  47  4:43  SCV, Stimpack  
  51  4:46  Siege Tank  
  51  4:50  Barracks  
  54  4:53  Marine  
  54  4:54  SCV  
  54  4:56  SCV  
  54  4:59  Supply Depot  
  57  5:00  Marine  
  57  5:04  Marine  
  57  5:06  SCV  
  60  5:08  SCV  
  60  5:12  Marine  
  62  5:15  Starport Reactor  
  62  5:16  Orbital Command  
  62  5:18  SCV  
  62  5:21  SCV, Marine  
  65  5:24  Siege Tank  
  65  5:26  Marine  
  69  5:31  SCV  
  69  5:32  Supply Depot  
  69  5:33  SCV, Marine  
  72  5:38  Barracks Reactor  
  72  5:41  Orbital Command  
  72  5:43  Engineering Bay  
  72  5:44  Engineering Bay  
  72  5:45  SCV x2  
  72  5:46  Marine  
  75  5:50  Refinery  
  75  5:51  Marine  
  75  5:55  Medivac x2  
  80  5:57  SCV  
  80  5:59  SCV  
  82  6:05  Supply Depot, Siege Tank  
  82  6:06  Marine  
  82  6:08  SCV  
  82  6:10  SCV  
  88  6:13  Terran Infantry Weapons Level 1  
  88  6:17  Marine, Terran Infantry Armor Level 1  
  89  6:21  Marine x3  
  89  6:23  SCV  
  93  6:27  SCV x2  
  93  6:29  Supply Depot  
  93  6:30  Medivac  
  97  6:35  SCV, Marine x2  
  97  6:37  Medivac  
  97  6:39  SCV  
  99  6:41  Marine  
  99  6:43  Marine  
  98  6:47  Siege Tank  
  98  6:50  SCV  
  98  6:54  SCV, Marine  
  97  6:57  Marine  
  97  7:00  Marine x2  
  100  7:01  SCV  
  100  7:02  SCV  
  100  7:05  Combat Shield  
  100  7:06  Marine  
  100  7:07  SCV  
  104  7:12  Marine  
  104  7:13  SCV  
  104  7:14  SCV, Supply Depot  
  104  7:15  Marine  
  108  7:17  Marine  
  109  7:24  Supply Depot  
  109  7:25  SCV  
  109  7:26  Armory  
  109  7:27  Marine x2  
  112  7:31  SCV  
  112  7:32  SCV, Sensor Tower  
  112  7:33  Marine x2  
  116  7:39  Barracks  
  116  7:40  SCV, Supply Depot  
  116  7:41  Barracks  
  117  7:44  Siege Tank  
  117  7:45  SCV  
  117  7:47  SCV  
  122  7:51  Marine  
  122  7:52  SCV, Refinery, Marine  
  122  7:53  Refinery, Marine  
  122  7:55  Marine  
  122  7:58  SCV  
  128  8:01  Viking  
  128  8:02  Viking  
  128  8:04  SCV  
  133  8:06  Supply Depot, Marine  
  133  8:09  SCV  
  133  8:10  SCV  
  136  8:13  Terran Infantry Weapons Level 2  
  136  8:16  SCV, Marine  
  136  8:17  Marine x3  
  141  8:20  Terran Infantry Armor Level 2  
  141  8:28  Barracks Reactor x2  
  141  8:31  SCV x2, Missile Turret, Marine  
  147  8:34  Siege Tank  
  147  8:37  Supply Depot x2  
  147  8:38  Viking  
  149  8:52  Factory  
  149  8:57  Command Center  
  149  8:58  Terran Vehicle Weapons Level 1, Viking, Marine x5  
  156  9:05  Marine x3  
  156  9:07  Supply Depot x2  
  156  9:08  Marine  
  160  9:11  Siege Tank  
  160  9:14  Viking  
  160  9:16  Marine  
  165  9:28  Marine x2  
  165  9:29  Marine x6  
  173  9:36  Viking  
  173  9:37  Siege Tank  
  178  9:39  Marine  
  178  9:42  Supply Depot x2  
  178  9:43  Supply Depot  
  179  9:46  Marine x2  
  179  9:47  Missile Turret  
  179  9:49  Missile Turret  
  179  9:50  Missile Turret  
  181  9:55  Missile Turret  
  181  10:03  Marine x5, Siege Tank  
  181  10:05  Starport x2  
  189  10:21  Marine  
  190  10:22  Siege Tank  
  190  10:24  Viking x2  
  190  10:25  Marine x2  
  199  10:33  Supply Depot  
  199  10:34  Supply Depot  
  198  10:39  Marine  
  193  10:43  Marine  
  193  10:44  Marine x2  
  193  10:48  Planetary Fortress  
  193  10:49  Marine x3  
  190  10:50  Liberator  
  190  10:51  Liberator  
  190  10:52  Siege Tank  
  200  10:59  Terran Infantry Weapons Level 3  
  200  11:06  Terran Infantry Armor Level 3  
  144  11:21  Marine x2  
  124  11:26  Marine x4  
  124  11:27  Marine x3, Siege Tank x2  
  124  11:30  SCV  
  124  11:31  Terran Vehicle Weapons Level 2  
  138  11:35  Starport Tech Lab x2  
  138  11:39  Marine x2  
  139  11:43  Marine  
  139  11:44  Marine x2  
  142  11:52  Marine  
  137  11:55  Marine x3  
  137  11:58  Marine  
  137  11:59  Siege Tank  
  133  12:01  Marine  
  133  12:02  Marine, Liberator x2  
  133  12:05  Siege Tank  
  133  12:06  Marine  
  141  12:12  Marine x2  
  140  12:18  Marine x3  
  140  12:19  Marine x2, Liberator  
  140  12:20  Marine  
  140  12:21  SCV x2  
  150  12:22  SCV  
  150  12:23  SCV  
  150  12:24  Refinery x2  
  150  12:26  Marine  
  150  12:27  Missile Turret x2  
  152  12:30  Marine  
  151  12:41  Marine  
  151  12:42  Marine x3  
  151  12:43  Siege Tank  
  121  12:46  Viking, Liberator  
  121  12:47  Marine x3  
  121  12:48  Siege Tank  
  121  12:51  Marine  
  131  12:55  SCV  
  131  12:56  SCV x2  
  136  12:59  Marine x2  
  136  13:00  Viking, Marine  
  136  13:02  SCV  
  141  13:08  SCV, Viking, Marine  
  145  13:14  Marine  
  145  13:15  Marine  
  145  13:18  SCV x2  
  149  13:22  SCV  
  128  13:36  Marine  
  128  13:37  Marine  
  128  13:39  Marine  
  119  13:41  Siege Tank  
  119  13:43  Marine, Siege Tank  
  119  13:47  SCV  
  132  13:48  SCV  
  132  13:54  Marine  
  132  13:55  Marine  
  119  13:59  Marine  
Show
View Real Time Build Order
Export as new Build Order

SpeCial Terran - Winner!

Build Orders: Reaper Expand 

Get SALT Encoding   

  12  0:00  SCV  
  13  0:13  SCV  
  14  0:17  Supply Depot  
  14  0:25  SCV  
  15  0:39  SCV  
  15  0:40  Barracks  
  16  0:44  Refinery  
  16  0:51  SCV  
  17  1:03  SCV  
  18  1:15  SCV  
  19  1:27  Reaper, Orbital Command  
  20  1:43  Command Center  
  20  1:55  SCV, Supply Depot  
  20  1:59  Marine  
  22  2:09  Factory  
  22  2:11  SCV  
  23  2:17  Marine  
  24  2:23  SCV  
  24  2:26  Refinery  
  25  2:35  SCV  
  26  2:40  Marine  
  27  2:47  SCV  
  27  2:53  Hellion  
  27  2:54  Starport  
  29  2:59  SCV, Orbital Command  
  30  3:08  Barracks Reactor  
  30  3:11  SCV  
  29  3:17  Factory Tech Lab  
  28  3:23  SCV  
  28  3:26  SCV  
  30  3:35  Command Center  
  30  3:38  SCV x2  
  32  3:43  Raven  
  32  3:44  Factory Tech Lab  
  32  3:46  Marine  
  32  3:47  Marine  
  36  3:52  SCV x2  
  38  4:03  Supply Depot  
  38  4:04  Siege Tank  
  38  4:05  SCV x2  
  38  4:07  Marine  
  38  4:08  Marine  
  45  4:17  SCV, Barracks  
  45  4:21  Supply Depot  
  46  4:24  SCV  
  46  4:29  SCV  
  48  4:32  Barracks  
  48  4:35  Starport Reactor  
  48  4:36  SCV  
  49  4:41  SCV  
  49  4:42  Marine  
  49  4:44  Stimpack  
  51  4:48  SCV  
  51  4:49  Orbital Command  
  52  4:53  SCV  
  52  4:55  Siege Tank  
  52  4:58  Refinery  
  56  5:00  Refinery, Marine  
  56  5:01  SCV  
  56  5:05  SCV, Supply Depot  
  60  5:13  SCV  
  60  5:14  Orbital Command  
  60  5:18  SCV  
  60  5:20  Barracks Reactor  
  61  5:24  Engineering Bay x2  
  61  5:25  SCV  
  61  5:27  Marine x2  
  61  5:28  Marine  
  65  5:29  Medivac  
  65  5:30  SCV  
  65  5:31  Supply Depot  
  65  5:34  Medivac  
  70  5:38  SCV  
  70  5:42  SCV  
  72  5:43  SCV  
  72  5:45  Marine x2  
  72  5:46  Siege Tank  
  72  5:48  Marine  
  79  5:50  SCV  
  79  5:54  SCV, Supply Depot  
  79  5:55  SCV  
  82  5:58  Marine  
  82  5:59  Marine  
  82  6:02  SCV  
  82  6:03  Marine x2  
  87  6:06  SCV  
  87  6:08  Terran Infantry Weapons Level 1, Terran Infantry Armor Level 1  
  87  6:09  SCV  
  89  6:13  Marine  
  89  6:14  SCV  
  89  6:16  Marine  
  89  6:17  Supply Depot  
  89  6:18  SCV  
  93  6:21  SCV, Missile Turret  
  93  6:23  Marine x3  
  97  6:26  Combat Shield  
  97  6:28  Siege Tank  
  97  6:31  Marine  
  101  6:37  Barracks  
  101  6:39  SCV  
  102  6:40  Barracks  
  102  6:42  Marine x2  
  105  6:47  SCV, Marine  
  105  6:50  SCV  
  107  6:54  SCV  
  107  6:58  Marine x2  
  107  6:59  Sensor Tower  
  110  7:01  SCV  
  110  7:02  Marine x2  
  110  7:04  Siege Tank  
  110  7:05  Marine  
  110  7:06  SCV x2  
  110  7:08  Refinery x2  
  117  7:11  Armory, Supply Depot  
  117  7:12  Missile Turret  
  117  7:16  Supply Depot  
  117  7:18  Supply Depot  
  117  7:22  Medivac x2, Marine x2  
  123  7:23  SCV  
  123  7:25  Marine  
  123  7:27  Barracks Reactor  
  123  7:29  Barracks Reactor  
  125  7:33  Marine x2  
  125  7:34  SCV  
  128  7:39  Marine x2  
  128  7:42  Supply Depot  
  128  7:43  Marine  
  131  7:45  Command Center  
  131  7:47  Siege Tank  
  131  7:50  Marine x2  
  136  7:51  SCV x3  
  139  8:00  Supply Depot  
  139  8:03  Terran Infantry Weapons Level 2  
  139  8:05  Factory  
  139  8:06  Marine x4  
  139  8:09  Barracks Reactor  
  139  8:10  SCV x2  
  145  8:13  Supply Depot  
  145  8:14  Terran Infantry Armor Level 2  
  145  8:17  Marine x2  
  145  8:18  Marine  
  148  8:21  Siege Tank  
  148  8:24  Marine x2  
  148  8:26  Marine  
  154  8:29  Supply Depot  
  154  8:30  Terran Vehicle Weapons Level 1  
  154  8:33  Marine x2  
  156  8:35  Marine  
  156  8:36  Supply Depot  
  156  8:38  Medivac  
  156  8:39  Medivac  
  156  8:40  Marine x2  
  163  8:42  Marine  
  163  8:46  Marine x2  
  163  8:47  Marine  
  167  8:50  Marine x3  
  167  8:52  Marine  
  167  8:53  Siege Tank x2  
  177  8:58  Marine x2  
  177  8:59  Marine  
  180  9:04  Marine x3  
  180  9:08  Medivac, Marine x2  
  180  9:09  Medivac  
  189  9:10  Marine x2  
  189  9:15  Marine  
  192  9:23  Marine  
  193  9:25  Siege Tank  
  193  9:30  SCV x2, Planetary Fortress  
  192  9:31  Starport  
  192  9:32  Starport  
  192  9:37  SCV  
  192  9:38  Marine x5  
  192  9:42  SCV  
  198  9:46  Marine x2  
  198  9:47  Command Center  
  198  9:48  Command Center  
  198  9:51  Unknown  
  200  9:59  Sensor Tower  
  199  10:09  Missile Turret x2, Starport Tech Lab  
  199  10:10  Starport Tech Lab  
  199  10:13  Barracks x2  
  199  10:20  Marine  
  200  10:25  Terran Vehicle Weapons Level 2, Terran Infantry Weapons Level 3  
  199  10:30  Missile Turret  
  199  10:32  Terran Infantry Armor Level 3  
  196  10:36  Marine x4  
  198  10:48  Marine x2  
  192  10:52  Marine x2  
  192  10:54  Raven  
  192  10:55  Raven, Corvid Reactor  
  192  10:56  Marine x2  
  195  11:12  Marine  
  195  11:14  Marine x3  
  195  11:15  Marine x8  
  195  11:18  Siege Tank  
  166  11:24  Medivac x2  
  166  11:25  Orbital Command  
  155  11:28  Siege Tank  
  155  11:30  Marine  
  155  11:32  Marine x9  
  160  11:35  Barracks Reactor x2  
  160  11:37  Raven x2  
  172  11:48  Marine  
  172  11:50  Marine x9, Siege Tank  
  174  11:58  Medivac x2  
  174  12:01  Siege Tank  
  173  12:05  Marine  
  173  12:08  Marine x9  
  168  12:12  Marine x2  
  168  12:14  Marine  
  179  12:20  Raven  
  179  12:22  Medivac, Siege Tank  
  182  12:23  Marine x2  
  182  12:25  Marine  
  182  12:26  Marine x5  
  182  12:27  Medivac  
  182  12:28  Medivac  
  194  12:30  Marine  
  194  12:32  Marine  
  194  12:33  Siege Tank  
  194  12:36  Marine  
  185  12:46  Marine  
  185  12:47  Marine  
  185  12:48  Marine  
  185  12:50  Marine  
  185  12:51  Marine  
  182  12:53  Raven  
  182  12:57  Medivac x2  
  188  12:59  Marine x2  
  188  13:00  Marine x4  
  188  13:02  Marine  
  188  13:03  Raven  
  188  13:05  Marine x3  
  200  13:11  Planetary Fortress  
  200  13:30  Command Center, Marine x2  
  200  13:31  Marine  
  189  13:34  Refinery, Marine  
  189  13:35  Marine  
  189  13:36  Raven  
  189  13:38  Marine  
  189  13:40  Refinery, Siege Tank  
  172  13:43  Marine x4  
  172  13:44  Marine x4  
  172  13:48  Marine x2  
  182  13:49  Marine  
  182  13:52  Marine x2  
  183  13:55  Marine  
  183  14:00  Marine x2  
  183  14:01  Marine  
Tags
 
Add a new tag
Caveats
  • Supply blocks, unpowered buildings, or Contaminate may cause inaccurate times.
  • Supply counts are checked every 10 seconds.